 Dungeon Crawl Stone Soup version 0.20.1-1-g8b1a95d (webtiles) character file.

107 digijack the Charmwright (level 4, 0/27 HPs)
             Began as a Gargoyle Skald on Dec 17, 2017.
             Killed from afar by an orc wizard (5 damage)
             ... with a puff of frost
             ... on level 3 of the Dungeon on Dec 19, 2017.
             The game lasted 00:17:53 (2657 turns).

digijack the Charmwright (Gargoyle Skald)           Turns: 2657, Time: 00:17:54

Health: 0/27       AC:  7    Str: 15    XL:     4   Next: 85%
Magic:  1/7        EV: 12    Int: 13    God:
Gold:   127        SH:  0    Dex: 10    Spells: 2/8 levels left

rFire    . . .     SeeInvis .   a - +0 mace
rCold    . . .     Gourm    .   (no shield)
rNeg     + . .     Faith    .   b - +1 leather armour
rPois    ∞         Spirit   .   (no helmet)
rElec    +         Reflect  .   (no cloak)
rCorr    .         Harm     .   (no gloves)
MR       .....                  (no boots)
Stlth    ++........             (no amulet)
Regen    0.1/turn               (no ring)
MPRegen  0.1/turn               (no ring)

@: very slightly contaminated
A: negative energy resistance 1, electricity resistance, unbreathing,
petrification resistance, rot immunity, sturdy frame 1, AC +3
a: no special abilities


You were on level 3 of the Dungeon.
You were not hungry.

You visited 1 branch of the dungeon, and saw 3 of its levels.

You collected 127 gold pieces.

Inventory:

Hand Weapons
 a - a +0 mace (weapon)
Armour
 b - a +1 leather armour (worn)
Scrolls
 e - 2 scrolls of identify
Potions
 i - a potion of curing
 j - a potion of might {unknown}
Books
 c - a book of Battle

   Spells                             Type                      Level
   a - Infusion                       Charms                       1
   b - Shroud of Golubria             Charms/Translocation         2
   c - Song of Slaying                Charms                       2
   d - Spectral Weapon                Hexes/Charms                 3
   e - Regeneration                   Charms/Necromancy            3
Comestibles
 d - 3 chunks of flesh
 f - a fruit
 g - 3 royal jellies
 h - a meat ration


   Skills:
 + Level 2.9 Fighting
 + Level 2.5 Maces & Flails
 + Level 1.9 Armour
 - Level 1.5 Dodging
 + Level 2.5 Stealth
 + Level 2.6 Spellcasting
 + Level 3.0 Charms


You had 2 spell levels left.
You knew the following spells:

 Your Spells              Type           Power        Failure   Level  Hunger
a - Infusion              Chrm           #...         7%          1    #......
b - Shroud of Golubria    Chrm/Tloc      #.........   21%         2    ###....
c - Spectral Weapon       Hex/Chrm       #.......     36%         3    ###....


Dungeon Overview and Level Annotations

Branches:
Dungeon (3/15)

Altars:


Innate Abilities, Weirdness & Mutations

You are resistant to torment.
Your stone body is resilient. (AC +3)
You are immune to poison.
You resist negative energy. (rN+)
You are resistant to electric shocks. (rElec)
You can survive without breathing.
You are immune to petrification.
You are immune to rotting.
Your movements are slightly less encumbered by armour. (ER -2)


Message History

You barely miss something. Something hits you.
Something hits you but does no damage.
Casting: Spectral Weapon
Confirm with . or Enter, or press ? or * to list all spells.
You miscast Infusion.
Nothing appears to happen.
Something hits you but does no damage.
You hit something.
You hear some strange, mumbled words.
A puff of flame appears from out of thin air!
The puff of flame hits you!
* * * LOW HITPOINT WARNING * * *
Something hits you but does no damage.
You closely miss something. Something hits you.
* * * LOW HITPOINT WARNING * * *
Something hits you but does no damage.
You miss something.
You hear some strange, mumbled words.
A puff of frost appears from out of thin air!
The puff of frost hits you!
You die...

###### #....###
#....#.########
#......#......#
#....#.#.####.#
####### '......#.#
#.# ##.......
#......#.####.####..#
#(..............@{)##
#.###..#.####.######
#.# #..#.# #.# #.#
#..#.# #.# #.# ..>...
... #.######## #.#
..# ######### ##
........#


There were no monsters in sight!

Vanquished Creatures
  Terence (D:2)
  4 adders
  An ooze (D:1)
  A worm (D:2)
  2 orcs (D:3)
  A ball python (D:2)
  4 bats
  2 giant cockroaches (D:2)
  2 goblins (D:2)
  4 hobgoblins
  3 jackals (D:2)
  A quokka (D:1)
  3 frilled lizards (D:2)
  6 kobolds
  6 rats
41 creatures vanquished.

Notes
Turn   | Place    | Note
-------+----------+-------------------------------------------
     0 | D:1      | digijack the Gargoyle Skald began the quest for the Orb.
     0 | D:1      | Reached XP level 1. HP: 12/12 MP: 3/3
    55 | D:1      | Gained mutation: You are dopey. (Int -2) [potion of mutation]
    55 | D:1      | Lost mutation: You are dopey. (Int -2) [potion of mutation]
    55 | D:1      | Gained mutation: Your movements are slightly less encumbered by armour. (ER -2) [potion of mutation]
   311 | D:1      | Reached skill level 1 in Stealth
   460 | D:1      | Reached XP level 2. HP: 18/18 MP: 0/5
   868 | D:1      | Learned a level 2 spell: Shroud of Golubria
  1181 | D:2      | Noticed Terence
  1192 | D:2      | Killed Terence
  1192 | D:2      | Reached XP level 3. HP: 17/22 MP: 3/6
  1543 | D:2      | Reached XP level 4. HP: 27/27 MP: 0/7
  1862 | D:2      | Learned a level 3 spell: Spectral Weapon
  2065 | D:2      | Reached skill level 3 in Charms
  2657 | D:3      | Killed from afar by an orc wizard

Skill      XL: |  1  2  3  4 |
---------------+-------------+-----
Stealth        | 1 2 |  2.5
Charms         | 3 |  3.0
Fighting       | |  2.9
Maces & Flails | |  2.5
Armour         | |  1.9
Dodging        | |  1.5
Spellcasting   | |  2.6

Action                   |  1- 3 |  4- 6 || total
-------------------------+-------+-------++-------
Melee: Mace              |    96 |   104 ||   200
 Cast: Infusion          |    16 |    10 ||    26
       Shroud of Golubri |     3 |     4 ||     7
  Use: Scroll            |     5 |     1 ||     6
       Potion            |     6 |       ||     6
  Eat: Bread ration      |     1 |       ||     1
       Meat ration       |       |     1 ||     1
Armor: Leather armour    |    42 |    56 ||    98
Dodge: Dodged            |    74 |    74 ||   148
